 Dungeon Crawl Stone Soup version 0.29.0-4-gdea44cf6ec (webtiles) character file.

Game seed: 1220299577729693772

41 qw the Chopper (level 3, 0/29 HPs)
             Began as a Barachi Chaos Knight on Sept 5, 2022.
             Slain by a hellwing (6 damage)
             ... summoned by Xom
             ... on level 2 of the Dungeon.
             The game lasted 00:00:34 (1281 turns).

qw the Chopper (Barachi Chaos Knight)               Turns: 1281, Time: 00:00:34

Health: 0/29       AC:  5    Str: 15    XL:     3   Next: 52%
Magic:  3/3        EV: 10    Int: 12    God:
Gold:   69         SH:  0    Dex:  9    Spells: 2/2 levels left

rFire   . . .      SeeInvis .   Y - +0 hand axe (chaos)
rCold   . . .      Faith    .   (no shield)
rNeg    . . .      Spirit   .   e - +0 ring mail
rPois   .          Reflect  .   (no helmet)
rElec   .          Harm     .   (no cloak)
rCorr   .          Rampage  .   (no gloves)
Will    .....                   (no boots)
Stlth   ..........              (no amulet)
HPRegen 0.09/turn               (no ring)
MPRegen 0.08/turn               (no ring)

@: slow
A: amphibious, slowness 1, strong legs 1, +LOS, clumsy 1
a: Hop


You were on level 2 of the Dungeon.
You visited 1 branch of the dungeon, and saw 2 of its levels.

You collected 69 gold pieces.


Innate Abilities, Weirdness & Mutations

You are amphibious.
You cover ground slowly.
You can hop short distances.
You have an extended range of vision and can be seen from far away.
You are clumsy. (Dex -2)


   Skills:
 - Level 3.6 Fighting
 + Level 4.9 Axes
 - Level 2.4 Armour
 - Level 1.1 Dodging


You had 2 spell levels left.
You didn't know any spells.
Your spell library was empty.

Inventory:

Hand Weapons
 a - a +0 flail
 Y - a +0 hand axe of chaos (weapon)
Armour
 e - a +0 ring mail (worn)
Scrolls
 b - a scroll of fog {unknown}
Potions
 f - a potion of resistance {unknown}
 g - a potion of magic {unknown}
 h - a potion of flight {unknown}
 i - a potion of cancellation
 j - a potion of heal wounds {unknown}
Miscellaneous
 c - a piece from Xom's chessboard (15/15)

Dungeon Overview and Level Annotations

Branches:
Dungeon (2/15)

Altars:


Message History

The ufetubus hits you. The ufetubus barely misses you. x2
The ufetubus completely misses you.
The ufetubus hits you but does no damage.
The ufetubus closely misses you.
You hit the iron imp but do no damage. You barely miss the ufetubus.
The ufetubus misses you. The ufetubus hits you.
You barely miss the iron imp. You hit the ufetubus.
The ufetubus seems to speed up.
The ufetubus barely misses you. The ufetubus closely misses you. x2
The ufetubus misses you. The ufetubus closely misses you.
The ufetubus hits you but does no damage.
The iron imp hits you.
You hit the ufetubus.
The ufetubus is almost dead.
You miss the iron imp.
You feel less confused. The ufetubus completely misses you.
The ufetubus misses you. The ufetubus barely misses you.
The ufetubus misses you. The iron imp completely misses you.
You barely miss the iron imp. You closely miss the white imp.
The iron imp closely misses you.
You hit the iron imp but do no damage. You closely miss the white imp.
The white imp closely misses you.
The iron imp hits you but does no damage.
You completely miss the iron imp. You hit the white imp but do no damage.
The iron imp completely misses you. "Boo!"
You hit the hellwing but do no damage.
The hellwing is poisoned.
You barely miss the iron imp. You hit the hellwing but do no damage.
The hellwing is lightly wounded.
You hit the iron imp but do no damage. The hellwing hits you.
The hellwing hits you but does no damage.
The iron imp hits you.
You hit the hellwing.
The hellwing is lightly wounded.
You hit the iron imp but do no damage. The hellwing hits you!
The hellwing hits you.
You die...

#........# ##.....##
#..##....###.......#
#..#.....##.........
#.........'.........
#........##.........
#........###.......#
##555....# ##.....##
##4###### ##...##
#@# ##+## #5# #5#
#.# .#. # #


You could see a hellwing (summoned, very poisoned), an iron imp (summoned), a
white imp (summoned), a shadow imp (summoned) and 2 ufetubi.

Vanquished Creatures
  An adder (D:2)
  3 bats
  2 endoplasms
  6 giant cockroaches
  3 hobgoblins
  2 quokkas
  2 ball pythons (D:1)
  A frilled lizard (D:1)
  3 goblins
  3 kobolds
  3 rats (D:1)
29 creatures vanquished.

Notes
Turn   | Place    | Note
-------+----------+-------------------------------------------
     0 | D:1      | qw the Barachi Chaos Knight began the quest for the Orb.
     0 | D:1      | Reached XP level 1. HP: 18/18 MP: 1/1
     0 | D:1      | 0 ||| qw: Version: 0.1-a-104-g96f76f8
     0 | D:1      | 0 ||| qw: Game counter: 5857
     0 | D:1      | 0 ||| qw: Always use a shield: true
     0 | D:1      | 0 ||| qw: God list: Okawaru
     0 | D:1      | 0 ||| qw: Allow faded altars: false
     0 | D:1      | 0 ||| qw: Do Orc after D:15 true
     0 | D:1      | 0 ||| qw: Do second Lair branch before Depths: true
     0 | D:1      | 0 ||| qw: Lair rune preference: random
     0 | D:1      | 0 ||| qw: Plans: Normal
     0 | D:1      | 0 ||| PLANNING D:1-11
     0 | D:1      | Fell from the grace of Xom
    87 | D:1      | Reached XP level 2. HP: 24/24 MP: 2/2
    92 | D:1      | Reached skill level 4 in Axes
   179 | D:1      | 179 ||| Stepping ~*~*~tactically~*~*~ (stealth).
   879 | D:1      | 879 ||| UPGRADING to +0 ring mail.
   889 | D:1      | 889 ||| DROPPING +2 leather armour.
   890 | D:1      | 890 ||| DROPPING ring of flight.
   891 | D:1      | 891 ||| READING scroll labelled VIBIQA WEEZAER.
   892 | D:1      | 892 ||| DRINKING 2 cyan potions.
   920 | D:2      | 920 ||| DROPPING +0 club.
   925 | D:2      | Reached XP level 3. HP: 29/29 MP: 3/3
  1020 | D:2      | XOM: give mutations
  1020 | D:2      | Gained mutation: You are frail. (-10% HP) [Xom's mischief]
  1020 | D:2      | Lost mutation: You are frail. (-10% HP) [Xom's mischief]
  1020 | D:2      | Gained mutation: You are clumsy. (Dex -2) [Xom's mischief]
  1126 | D:2      | 1126 ||| Stepping ~*~*~tactically~*~*~ (stealth).
  1127 | D:2      | 1127 ||| Stepping ~*~*~tactically~*~*~ (stealth).
  1269 | D:2      | XOM: summons 6 hostile demons
  1270 | D:2      | Noticed a hellwing
  1278 | D:2      | XOM: noise
  1281 | D:2      | HP: 6/29 [hellwing[Xom] (13)]
  1281 | D:2      | Slain by a hellwing

Levels and vault maps discovered:
D:1:      nicolae_arrival_somewhat_less_tricky_arrival, layout_basic, hex_large,
          nrook_campfire
D:2:      layout_loops_corners, shapermc_ecumenical_altar_notcrosses

Skill      XL: |  1  2 |
---------------+-------+-----
Axes           | 4 |  4.9
Fighting       | |  3.6
Armour         | |  2.4
Dodging        | |  1.1

Action                   || total
-------------------------++-------
Melee: Hand axe          ||    90
Invok: Renounce Religion ||     1
  Use: Scroll            ||     1
       Potion            ||     1
Armor: Leather armour    ||    14
       Ring mail         ||    19
Dodge: Dodged            ||    57

Table legend:
 A = Non-vault XP
 B = Vault XP
 C = Vault XP percentage of total XP
 D = Non-vault monster count
 E = Vault monster count
 F = Vault count percentage of total count
                 A         B        C        D         E       F
            +---------+---------+-------+---------+---------+-------
      Total |      59 |       0 |   0.0 |      29 |       0 |   0.0
            +---------+---------+-------+---------+---------+-------
        D:1 |      31 |       0 |   0.0 |      20 |       0 |   0.0
        D:2 |      28 |       0 |   0.0 |       9 |       0 |   0.0
            +---------+---------+-------+---------+---------+-------
